 Dungeon Crawl Stone Soup version 0.30.1-11-g7821555f0a (webtiles) character file.

Game seed: 5799209937937535215

154 lonewolfV2 the Trooper (level 5, 0/44 HPs)
             Began as a Formicid Fighter on Dec 4, 2023.
             Blown up by Ijyb (10 damage)
             ... with a mindburst bolt
             ... on level 4 of the Dungeon.
             The game lasted 00:03:00 (2539 turns).

lonewolfV2 the Trooper (Formicid Fighter)           Turns: 2539, Time: 00:03:01

Health: 0/44       AC: 13    Str: 24    XL:     5   Next: 63%
Magic:  5/5        EV:  9    Int:  8    God:
Gold:   96         SH:  5    Dex: 15    Spells: 4/4 levels left

rFire   . . .        a - +0 war axe (drain)
rCold   . . .        c - +0 buckler
rNeg    . . .        r - +3 scale mail "Wopeqadi" {Str+4 Stlth+}
rPois   +            (helmet unavailable)
rElec   .            (no cloak)
rCorr   .            (no gloves)
SInv    +            (no boots)
Will    .....        (no amulet)
Stlth   +            i - +4 ring of protection
HPRegen 0.27/turn    m - ring of poison resistance
MPRegen 0.09/turn

%: no passive effects
@: no status effects
A: permanent stasis, dig shafts and tunnels, antennae 3, four strong arms
a: Dig, Shaft Self


You were on level 4 of the Dungeon.
You visited 1 branch of the dungeon, and saw 4 of its levels.

You collected 96 gold pieces.

Inventory:

Hand Weapons
 a - a +0 war axe of draining (weapon)
Armour
 b - a +0 scale mail
 c - a +0 buckler (worn)
 r - the +3 scale mail "Wopeqadi" (worn) {Str+4 Stlth+}
   (You took it off a hobgoblin on level 3 of the Dungeon)

   Str:       It affects your strength (+4).
   Stlth:     It makes you more stealthy.
Jewellery
 i - a +4 ring of protection (left hand)
 l - a ring of resist corrosion
 m - a ring of poison resistance (right hand)
Potions
 d - a potion of might
 e - a potion of flight {unknown}
 f - 2 potions of mutation {unknown}
 g - a potion of invisibility {unknown}
 h - a potion of magic {unknown}
 j - a potion of degeneration {unknown}
 k - a potion of curing {unknown}
 o - a potion of heal wounds {unknown}


   Skills:
 + Level 5.1 Fighting
 + Level 4.0 Axes
 - Level 3.2 Armour
 - Level 4.0 Shields


You had 4 spell levels left.
You didn't know any spells.
Your spell library contained the following spells:

 Spells                   Type           Power      Damage    Failure   Level
 Poisonous Vapours        Pois/Air       0%         N/A       88%         2
 Mephitic Cloud           Conj/Pois/Air  0%         N/A       98%         3
 Arcjolt                  Conj/Air       0%         1d10      100%        5
 Freezing Cloud           Conj/Ice/Air   0%         6-21      100%        5
 Maxwell's Capacitive Co  Air            0%         ∞         100%        8
 Vhi's Electric Charge    Tloc/Air       Unusable   N/A       N/A         3

Dungeon Overview and Level Annotations

Branches:
Dungeon (4/15)
 Temple: D:4-7

Altars:

Annotations:
D:4 Ijyb


Innate Abilities, Weirdness & Mutations

You cannot be hasted, slowed, berserked, paralysed or teleported.
You can dig through walls and to a lower floor.
You have a pair of large antennae on your head. (SInv)
Your four strong arms can wield two-handed weapons with a shield.


Message History

The iguana is moderately wounded.
The iguana misses you.
You closely miss the iguana.
The iguana is moderately wounded.
The iguana bites you but does no damage. x2
You hit the iguana. You drain the iguana.
The iguana is severely wounded.
You block the iguana's attack.
You barely miss the iguana.
The iguana is severely wounded.
The iguana bites you. x2
You slash the iguana!
You kill the iguana!
Your Fighting skill increases to level 5!
Your Axes skill increases to level 4!
Ijyb the Twisted Goblin comes into view.
She is wielding a +0 dagger, wearing a +2 leather armour of positive energy and carrying a wand of mindburst (13).
You see here an iguana corpse.
Ijyb is nearby!
Ijyb is nearby!
You see here an iguana corpse.
You see here an iguana corpse.
You closely miss Ijyb.
Ijyb zaps a wand.
Your mind is blasted!
You closely miss Ijyb. Ijyb hits you but does no damage.
Ijyb closely misses you.
You closely miss Ijyb.
Ijyb zaps a wand.
You struggle to resist.
You hit Ijyb but do no damage.
Ijyb zaps a wand.
Your mind is blasted!
* * * LOW HITPOINT WARNING * * *
You hit Ijyb.
Ijyb is lightly wounded.
Ijyb hits you but does no damage.
You hit Ijyb. You drain Ijyb.
Ijyb is heavily wounded.
You block Ijyb's attack. Ijyb hits you but does no damage.
You slash Ijyb!
Ijyb is severely wounded.
Ijyb hits you but does no damage.
You barely miss Ijyb.
Ijyb is severely wounded.
Ijyb zaps a wand.
Your mind is blasted!
You die...

### ### #.. ..#
#.# #.# #.#
#.########## #.#
#####>##........
#.# #......†@g...#
#.###.###.##.###.#
#<........##.#
#####.######.# #.#
#.. #<# ### #.#
#.# #.#


You could see Ijyb (very drained).

Vanquished Creatures
  An orc priest (D:3)
  An iguana (D:4)
  2 adders (D:2)
  A worm (D:3)
  A dart slug (D:1)
  3 orcs (D:3)
  4 endoplasms
  4 giant cockroaches
  6 goblins
  4 hobgoblins
  8 quokkas
  11 ball pythons
  5 bats
  2 frilled lizards (D:3)
  5 kobolds
  12 rats
70 creatures vanquished.

Notes
Turn   | Place    | Note
-------+----------+-------------------------------------------
     0 | D:1      | lonewolfV2 the Formicid Fighter began the quest for the
                  | Orb.
     0 | D:1      | Reached XP level 1. HP: 18/18 MP: 1/1
   241 | D:1      | Reached XP level 2. HP: 15/24 MP: 2/2
   437 | D:1      | Reached XP level 3. HP: 28/30 MP: 3/3
   508 | D:1      | Reached skill level 4 in Fighting
  1108 | D:2      | You fall into a shaft and drop 1 floor!
  1114 | D:3      | Reached XP level 4. HP: 37/37 MP: 4/4
  1925 | D:3      | Reached XP level 5. HP: 29/43 MP: 5/5
  2011 | D:3      | Found a faded altar of an unknown god.
  2060 | D:3      | Identified the +3 scale mail "Wopeqadi" {Str+4 Stlth+}
  2526 | D:4      | Reached skill level 5 in Fighting
  2526 | D:4      | Noticed Ijyb
  2539 | D:4      | Blown up by Ijyb

Illustrated notes

Levels and vault maps discovered:
D:1:      dpeg_arrival_circle_labyrinth_c, layout_loops_ring,
          hangedman_abyss_or_decor_stabs
D:2:      layout_rooms
D:3:      layout_basic, shapermc_ecumenical_altar_notcrosses
D:4:      layout_loops_corners, uniq_ijyb, uniq_pikel

Skill      XL: |  1  2  3  4  5 |
---------------+----------------+-----
Fighting       | 4 5 |  5.1
Axes           | 3 4 |  4.0
Armour         | |  3.2
Shields        | |  4.0

Action                     |  1- 3 |  4- 6 || total
---------------------------+-------+-------++-------
  Melee: War axe           |    83 |    96 ||   179
    Use: Scroll            |     2 |     4 ||     6
 Armour: Scale mail        |    53 |    45 ||    98
  Dodge: Dodged            |    30 |    39 ||    69
  Block: Buckler           |    20 |    30 ||    50
